 Dungeon Crawl Stone Soup version 0.28-a0-1382-g92835e5c71 (webtiles) character file.

Game seed: 11804851084960277388

129812 ReploidZero the Nimble (level 17, 0/148 HPs)
             Began as a Djinni Conjurer on Jan 1, 2022.
             Was a High Priest of Ashenzari.
             Slain by an entropy weaver (6 damage)
             ... on level 1 of the Spider Nest on Jan 2, 2022.
             The game lasted 01:48:39 (30303 turns).

ReploidZero the Nimble (Djinni Conjurer)           Turns: 30303, Time: 01:48:42

Health: 0/148      AC:  5    Str: 17 (18) XL:     17   Next: 62%
Gold:   744        EV: 19    Int: 29 (30) God:    Ashenzari [*****.] SH:  0 Dex: 11 (12)

rFire   + + +      SeeInvis +   o - +9 war axe "Share My Inconvenience" {drain, rPois Str+6 SInv Stlth+, Self, Melee} (curse)
rCold   . . .      Faith    .   (no shield)
rNeg    + . .      Spirit   .   B - +2 robe "Burden of Ashenzari" {rF+, Self, Melee} (curse)
rPois   ∞          Reflect  .   d - +0 helmet "Chained Omission" {Range, Self} (curse)
rElec   .          Harm     .   E - +0 cloak of the Unveiling Chagrin {Evo, Melee} (curse)
rCorr   .          Rampage  .   b - +2 pair of gloves "Seeker of Ashenzari" {rPois Regen+ Int+4 Dex-2, Self, Fort} (curse)
Will    +....      Clarity  +   (boots unavailable)
Stlth   ++++......              v - amulet "Share My the Doldrums" {Regen+, Self, Melee} (curse)
HPRegen 1.94/turn               C - ring "Cryptic Irritation" {rF+ rN+ Str+6 Stlth+, Self, Cun} (curse)
MPRegen 0.00/turn               R - ring of Ashenzari's Autotheism {rC+, Self, Fort} (curse)

@: corroded, flying
A: sickness immunity, fire resistance 2, cold vulnerability 1, float, innate
caster, hp casting, extra vitality 1
a: Renounce Religion, Shatter the Chains


You were on level 1 of the Spider Nest.
You worshipped Ashenzari.
Ashenzari was extremely pleased with you.
You visited 6 branches of the dungeon, and saw 27 of its levels.
You visited 1 bazaar.
You also visited: Volcano.

You collected 2657 gold pieces.
You spent 1913 gold pieces at shops.

Inventory:

Hand Weapons
 m - a +3 rapier of electrocution
 o - the cursed +9 war axe "Share My Inconvenience" (weapon) {drain, rPois Str+6 SInv Stlth+, Self, Melee}
   (You took it off an orc on level 9 of the Dungeon)

   A truly terrible weapon, it drains the life of any living foe it strikes.
   Str:       It affects your strength (+6).
   rPois:     It protects you from poison.
   SInv:      It lets you see invisible.
   Stlth:     It makes you more stealthy.
   It has a curse which improves the following skills: Introspection: Fighting
   and Spellcasting.
   Melee Combat: Short Blades, Long Blades, Axes, Maces & Flails, Polearms,
   Staves and Unarmed Combat.
Armour
 b - the cursed +2 pair of gloves "Seeker of Ashenzari" (worn) {rPois Regen+ Int+4 Dex-2, Self, Fort}
   (You bought it in a shop on level 14 of the Dungeon)

   Int:       It affects your intelligence (+4).
   Dex:       It affects your dexterity (-2).
   rPois:     It protects you from poison.
   Regen:     It increases your rate of health regeneration.
   It has a curse which improves the following skills: Introspection: Fighting
   and Spellcasting.
   Fortitude: Armour and Shields.
 d - the cursed +0 helmet "Chained Omission" (worn) {Range, Self}
   (You found it on level 3 of the Dungeon)

   It has a curse which improves the following skills: Ranged Combat: Slings,
   Bows, Crossbows and Throwing.
   Introspection: Fighting and Spellcasting.
 p - a +1 robe of cold resistance
 B - the cursed +2 robe "Burden of Ashenzari" (worn) {rF+, Self, Melee}
   (You took it off Psyche on level 11 of the Dungeon)

   It has a curse which improves the following skills: Introspection: Fighting
   and Spellcasting.
   Melee Combat: Short Blades, Long Blades, Axes, Maces & Flails, Polearms,
   Staves and Unarmed Combat.
 E - the cursed +0 cloak of the Unveiling Chagrin (worn) {Evo, Melee}
   (You found it on level 11 of the Dungeon)

   It has a curse which improves the following skills: Evocations: Evocations.
   Melee Combat: Short Blades, Long Blades, Axes, Maces & Flails, Polearms,
   Staves and Unarmed Combat.
 Q - an orb of wrath
Magical Staves
 K - a staff of earth
Jewellery
 f - a +6 ring of strength
 v - the cursed amulet "Share My the Doldrums" (around neck) {Regen+, Self, Melee}
   (You found it on level 10 of the Dungeon)

   [amulet of regeneration]

   Regen:     It increases your rate of health regeneration.
   It has a curse which improves the following skills: Introspection: Fighting
   and Spellcasting.
   Melee Combat: Short Blades, Long Blades, Axes, Maces & Flails, Polearms,
   Staves and Unarmed Combat.
 C - the cursed ring "Cryptic Irritation" (left hand) {rF+ rN+ Str+6 Stlth+, Self, Cun}
   (You found it on level 4 of the Lair of Beasts)

   [ring of strength]

   Str:       It affects your strength (+6).
   rF:        It protects you from fire.
   rN:        It protects you from negative energy.
   Stlth:     It makes you more stealthy.
   It has a curse which improves the following skills: Introspection: Fighting
   and Spellcasting.
   Cunning:   Dodging and Stealth.
 J - a +6 ring of dexterity
 R - the cursed ring of Ashenzari's Autotheism (right hand) {rC+, Self, Fort}
   (You bought it in a shop in a bazaar)

   [ring of protection from cold]

   rC:        It protects you from cold.
   It has a curse which improves the following skills: Introspection: Fighting
   and Spellcasting.
   Fortitude: Armour and Shields.
Wands
 k - a wand of paralysis (7)
 s - a wand of iceblast (20)
 t - a wand of polymorph (9)
 P - a wand of flame (12)
Scrolls
 c - 11 scrolls of identify
 g - 6 scrolls of immolation
 l - 5 scrolls of magic mapping
 q - 6 scrolls of enchant weapon
 r - 10 scrolls of teleportation
 u - 2 scrolls of silence
 w - a scroll of holy word
 x - 3 scrolls of blinking
 y - 4 scrolls of summoning
 D - 5 scrolls of fog
 G - 2 scrolls of brand weapon
 I - 2 scrolls of fear
Potions
 a - 2 potions of brilliance
 h - 5 potions of lignification
 i - 3 potions of berserk rage
 j - 5 potions of curing
 n - 5 potions of resistance
 z - 2 potions of haste
 L - 3 potions of mutation
 M - a potion of ambrosia
 N - a potion of might
 O - a potion of cancellation
Miscellaneous
 A - a condenser vane
 F - a phantom mirror
 H - a phial of floods


   Skills:
 + Level 12.5(22.3) Fighting
 - Level 10.0(16.6) Axes
 + Level 1.3(3.8) Armour
 + Level 14.8(17.4) Dodging
 - Level 1.5(3.3) Stealth
 + Level 13.7(23.5) Spellcasting
 + Level 13.2(15.9) Evocations


You had 16 spell levels left.
You knew the following spells:

 Your Spells              Type           Power      Damage    Failure   Level
a - Magic Dart            Conj           100%       1d8       0%          1
b - Searing Ray           Conj           100%       2d8       0%          2
c - Dazzling Flash        Conj/Hex       100%       N/A       0%          3
d - Fulminant Prism       Conj/Hex       53%        3d23      0%          4
e - Iskenderun's Mystic   Conj/Tloc      100%       2d19      0%          4
f - Foxfire               Conj/Fire      100%       2x1d9     0%          1
g - Blink                 Tloc           100%       N/A       0%          2
h - Conjure Flame         Conj/Fire      100%       6-21      0%          3
i - Summon Ice Beast      Ice/Summ       100%       N/A       0%          4
j - Metabolic Englaciati  Hex/Ice        53%        N/A       0%          5
k - Agony                 Necr           100%       N/A       0%          5
l - Iron Shot             Conj/Erth      53%        9d10      0%          6
m - Storm Form            Tmut/Air       53%        N/A       1%          7
Your spell library was empty.

Dungeon Overview and Level Annotations

Branches:
Dungeon (15/15)            Temple (1/1) D:4            Lair (6/6) D:10
  Swamp (0/4) Lair:2       Spider (2/4) Lair:4        Slime (0/5) Lair:6
    Orc (2/2) D:10            Elf (0/3) Orc:2        Vaults (0/5) D:13
 Depths (1/4) D:15        Volcano (visited)

Altars:
Ashenzari
Cheibriados
Dithmenos
Elyvilon
Fedhas
Gozag
Hepliaklqana
Kikubaaqudgha
Makhleb
Nemelex Xobeh
Okawaru
Qazlal
Ru
Sif Muna
Trog
Uskayaw
Vehumet
Wu Jian
Xom
Yredelemnul
Zin
The Shining One
Beogh

Shops:
D:2 !   D:9 [   D:14 [   D:15 ?(!!   Orc:2 (:[


Innate Abilities, Weirdness & Mutations

You are immune to sickness and miasma.
You are immune to poison.
Your flesh is very heat resistant. (rF++)
You are vulnerable to cold. (rC-)
You float through the air rather than walking.
You learn spells naturally, not from books.
Your magical power is your life essence.
You have superior vitality. (+4 MHP)


Message History

* * * LOW HITPOINT WARNING * * *
You feel clumsy. The ghost moth closely misses you. The ghost moth stings you.
* * * LOW HITPOINT WARNING * * *
The entropy weaver barely misses you.
The entropy weaver hits you but does no damage.
The entropy weaver barely misses you. The entropy weaver hits you.
* * * LOW HITPOINT WARNING * * *
You fly upwards.
You feel yourself speed up.
There is a stone staircase leading down here.
You feel much better. The ghost moth stares at you. The ghost moth hits you.
* * * LOW HITPOINT WARNING * * *
You feel weakened. The ghost moth hits you.
* * * LOW HITPOINT WARNING * * *
You feel dopey.
The ghost moth stings you but does no damage.
The entropy weaver closely misses you.
The entropy weaver hits you but does no damage.
The entropy weaver barely misses you. The entropy weaver closely misses you.
Casting: Iskenderun's Mystic Blast (safe; 0% risk of failure)
Confirm with . or Enter, or press ? or * to list all spells.
Okay, then.
Unknown command.
Aiming: Iron Shot (safe; 0% risk of failure)
Press: ? - help, Q - select action, (/) - cycle Shift-Dir - straight line, f - entropy weaver
Aim: an entropy weaver (heavily wounded, 71% to hit)
The iron shot misses the entropy weaver.
* * * LOW HITPOINT WARNING * * *
The ghost moth stares at you. The ghost moth hits you!
* * * LOW HITPOINT WARNING * * *
The ghost moth hits you!
* * * LOW HITPOINT WARNING * * *
The ghost moth stings you but does no damage.
The entropy weaver hits you.
You die...

.......#...........##...######...
...................#..........^..
.......<.......(..(..........####
.............................####
.............................####
........#........#...........####
#........##.....#.#...........##.
##^.......#.....#.............#.#
##......##.#...B@y.............##
...########....###............##.
.....### ###.####.............##.
.......#####.####...........#####
........####.#####..........#####
..........##.######....##.......#
.!.......###..........###........
.........##..(...#####.##........
........##........#####.#........


You could see a ghost moth (invisible) and an entropy weaver.

Vanquished Creatures
  Nikola (Spider:1)
  Rupert (D:14)
  An acid blob (Spider:1)
  Gastronok (D:11)
  A tengu reaver (D:15)
  A ghost moth (Spider:1)
  2 orc warlords (Orc:2)
  A broodmother (Spider:1)
  An eleionoma (shapeshifter) (D:15)
  A vampire knight (Depths:1)
  2 entropy weavers (Spider:1)
  An ettin (Orc:2)
  Snorg (Lair:3)
  A yaktaur captain (D:15)
  Josephine (D:11)
  An ogre mage (D:15)
  2 vault guards (D:13)
  2 boulder beetles
  3 catoblepae
  4 hydras
  4 centaur warriors
  4 two-headed ogres
  A death knight (D:12)
  A deep troll earth mage (D:15)
  3 death yaks (Lair:5)
  A tengu warrior (D:13)
  3 orc high priests (Orc:2)
  Urug (Lair:4)
  Sonja (Orc:1)
  A shadow wraith (D:15)
  A fire crab (Lair:1)
  3 pharaoh ants
  2 sun moths (Spider:1)
  A steelbarb worm (Spider:1)
  A skeletal warrior (D:13)
  An orb spider (Spider:1)
  A wizard (D:13)
  3 orc knights (Orc:2)
  2 deep elf pyromancers
  3 wolf spiders
  3 necromancers (D:13)
  2 phantasmal warriors (Depths:1)
  20 ugly things
  4 cyclopes
  An oklob plant (Spider:1)
  4 orc sorcerers (Orc:2)
  3 moths of wrath (Spider:1)
  4 manticores
  3 black mambas (Lair:6)
  A shining eye (shapeshifter) (D:15)
  3 centaur zombies
  A torpor snail (Spider:1)
  22 elephants
  8 cane toads
  A naga mage (D:15)
  2 gargoyles
  Psyche (D:11)
  3 demonic crawlers (Spider:1)
  2 rime drakes
  An efreet (D:14)
  7 komodo dragons
  2 freezing wraiths
  A yaktaur (D:15)
  6 trolls
  6 meliai
  6 polar bears
  A wolf spider simulacrum (D:15)
  6 dream sheep
  13 slime creatures
  14 blink frogs
  5 hornets
  3 tarantellas
  12 jumping spiders
  6 culicivoras
  Sigmund (D:3)
  7 wraiths
  47 yaks
  A shadow (D:12)
  A vampire (D:14)
  10 spriggans (Lair:6)
  2 fire bats (Volcano)
  A hog (shapeshifter) (D:15)
  6 wyverns
  6 basilisks
  17 humans (D:13)
  21 redbacks
  2 steam dragons (Lair:3)
  13 vampire mosquitoes
  9 wargs
  10 acid dragons
  8 water moccasins
  Duvessa (D:6)
  A hell hound (Volcano)
  An ice beast (D:6)
  36 orc warriors
  A sky beast (shapeshifter) (D:13)
  5 black bears
  A sky beast (D:9)
  7 ogres
  8 boggarts
  12 centaurs
  29 wolves
  2 phantoms
  2 kobold brigands
  6 bullfrogs
  2 gnoll sergeants
  A water moccasin zombie (D:6)
  8 scorpions
  A wyvern skeleton (D:7)
  Dowan (D:6)
  18 killer bees
  An electric eel (Lair:3)
  3 howler monkeys
  A wight (D:9)
  2 hounds (D:5)
  A bullfrog zombie (D:4)
  24 orc priests
  3 jellies
  2 iguanas
  21 orc wizards
  Terence (D:3)
  A howler monkey zombie (D:9)
  18 gnolls
  A howler monkey skeleton (D:7)
  3 adders
  A shadow imp (D:6)
  An ufetubus (D:4)
  2 adder skeletons
  7 worms
  A dart slug (D:2)
  101 orcs
  8 bats
  7 endoplasms
  9 giant cockroaches
  9 goblins
  13 hobgoblins
  2 jackals (D:3)
  4 quokkas
  9 ball pythons
  4 frilled lizards
  14 kobolds
  A quokka skeleton (D:4)
  6 rats
  A foxfire (Orc:2)
831 creatures vanquished.

Vanquished Creatures (collateral kills)
  Fannar (Lair:1)
  2 hydras
  An oklob plant (Lair:6)
  A manticore (D:11)
  3 elephants (Lair:6)
  A blink frog (Lair:2)
  A wyvern (Lair:4)
  A spriggan (Lair:6)
  A yak (Lair:2)
  A water moccasin (Lair:6)
  A wolf (Lair:6)
  A jelly (D:8)
  An orc priest (D:8)
  5 orcs
21 creatures vanquished.

Vanquished Creatures (others)
  A two-headed ogre (Volcano)
  17 foxfires
  38 fulminant prisms
  30 fungi
  46 plants
132 creatures vanquished.

Grand Total: 984 creatures vanquished

Notes
Turn   | Place    | Note
-------+----------+-------------------------------------------
     0 | D:1      | ReploidZero the Djinni Conjurer began the quest for the
                  | Orb.
     0 | D:1      | Reached XP level 1. HP: 15/15 MP: 0/0
   265 | D:1      | Reached XP level 2. HP: 17/21 MP: 0/0
  1051 | D:1      | Reached XP level 3. HP: 24/25 MP: 0/0
  1051 | D:1      | Learned a level 1 spell: Foxfire
  1363 | D:2      | Found Bafud's Distillery.
  1383 | D:2      | Bought a potion of degeneration for 13 gold pieces
  1420 | D:2      | Reached XP level 4. HP: 14/31 MP: 0/0
  1779 | D:2      | Found a glowing golden altar of the Shining One.
  1815 | D:2      | Reached XP level 5. HP: 30/35 MP: 0/0
  1815 | D:2      | Learned a level 2 spell: Blink
  2137 | D:2      | Reached skill level 5 in Spellcasting
  2446 | D:3      | Found a faded altar of an unknown god.
  2541 | D:3      | Noticed Terence
  2552 | D:3      | Killed Terence
  2961 | D:3      | Reached XP level 6. HP: 35/40 MP: 0/0
  3483 | D:3      | Noticed Sigmund
  4481 | D:4      | Found a staircase to the Ecumenical Temple.
  4504 | Temple   | Entered the Ecumenical Temple
  4521 | Temple   | Became a worshipper of Ashenzari the Shackled
  5496 | D:3      | Killed Sigmund
  5497 | D:3      | Reached XP level 7. HP: 17/45 MP: 0/0
  5497 | D:3      | Learned a level 3 spell: Conjure Flame
  5724 | D:5      | Entered Level 5 of the Dungeon
  6084 | D:5      | Reached XP level 8. HP: 17/50 MP: 0/0
  7226 | D:6      | Noticed Dowan
  7253 | D:6      | Noticed Duvessa
  7260 | D:6      | Killed Dowan
  7274 | D:6      | Killed Duvessa
  7593 | D:6      | Reached XP level 9. HP: 42/55 MP: 0/0
  7593 | D:6      | Learned a level 4 spell: Summon Ice Beast
  8712 | D:6      | Reached skill level 1 in Fighting
  8766 | D:6      | Reached skill level 3 in Dodging
 10142 | D:7      | Reached skill level 4 in Dodging
 10854 | D:8      | Found an iron altar of Okawaru.
 11321 | D:8      | Reached XP level 10. HP: 65/67 MP: 0/0
 11615 | D:9      | Reached skill level 5 in Dodging
 12172 | D:9      | Reached skill level 10 in Spellcasting
 12644 | D:9      | Reached skill level 6 in Dodging
 12802 | D:9      | Reached skill level 5 in Fighting
 12879 | D:9      | Noticed a gargoyle
 12901 | D:9      | Killed a gargoyle
 13269 | D:9      | Noticed a two-headed ogre
 13297 | D:9      | Noticed a two-headed ogre
 13298 | D:9      | Reached skill level 7 in Dodging
 13310 | D:9      | Reached XP level 11. HP: 9/78 MP: 0/0
 13310 | D:9      | Learned a level 5 spell: Metabolic Englaciation
 13312 | D:9      | Killed a two-headed ogre
 13323 | D:9      | Killed a two-headed ogre
 13324 | D:9      | Reached skill level 8 in Dodging
 13743 | D:9      | Identified the +9 war axe of the Median {drain, rPois Str+6
                  | SInv Stlth+}
 13782 | D:9      | Found Anugoo's Antique Armour Emporium.
 13881 | D:9      | Bought a glowing scarf for 256 gold pieces
 13909 | D:10     | Entered Level 10 of the Dungeon
 13926 | D:10     | Found a staircase to the Orcish Mines.
 14366 | D:10     | Reached * piety under Ashenzari
 14597 | D:10     | Found a staircase to the Lair.
 15111 | D:11     | Reached skill level 9 in Dodging
 15134 | D:11     | Identified the +1 leather armour of Pan-Flutes {SInv}
 15326 | D:11     | Noticed a seven-headed hydra
 15336 | D:11     | Killed a seven-headed hydra
 15552 | D:11     | Noticed Josephine
 15561 | D:11     | Killed Josephine
 15562 | D:11     | Reached XP level 12. HP: 62/91 MP: 0/0
 15570 | D:11     | Identified the +5 chain mail of the Everdark {rPois rF-
                  | rN++}
 15792 | D:11     | Noticed Gastronok
 15816 | D:11     | Killed Gastronok
 15817 | D:11     | Reached skill level 10 in Dodging
 15933 | D:11     | Noticed Psyche
 15949 | D:11     | Killed Psyche
 16262 | Lair:1   | Entered Level 1 of the Lair of Beasts
 16263 | Lair:1   | Noticed Fannar
 16498 | Lair:1   | Killed Fannar
 16615 | Lair:1   | Identified the +0 robe of Wief {rF+ rCorr}
 16730 | Lair:1   | Noticed a fire crab
 16741 | Lair:1   | Noticed a seven-headed hydra
 16744 | Lair:1   | Killed a fire crab
 16745 | Lair:1   | Reached skill level 1 in Evocations
 16754 | Lair:1   | Killed a seven-headed hydra
 16755 | Lair:1   | Reached skill level 11 in Dodging
 17273 | Lair:2   | Reached XP level 13. HP: 68/99 MP: 0/0
 17273 | Lair:2   | Learned a level 5 spell: Agony
 17341 | Lair:2   | Reached skill level 10 in Fighting
 17429 | Lair:2   | Noticed a boulder beetle
 17659 | Lair:2   | Reached skill level 5 in Evocations
 17676 | Lair:2   | Killed a boulder beetle
 17853 | Lair:2   | Found a staircase to the Swamp.
 18329 | Lair:3   | Noticed a five-headed hydra
 18337 | Lair:3   | Killed a five-headed hydra
 18555 | Lair:3   | Reached skill level 12 in Dodging
 18715 | Lair:3   | Reached ** piety under Ashenzari
 18818 | Lair:3   | Noticed Snorg
 18833 | Lair:3   | Killed Snorg
 19390 | Lair:4   | Reached *** piety under Ashenzari
 19464 | Lair:4   | Reached skill level 1 in Axes
 19467 | Lair:4   | Reached XP level 14. HP: 58/114 MP: 0/0
 19721 | Lair:4   | Identified the ring "Jonaol" {rF+ rN+ Str+6 Stlth+}
 19856 | Lair:4   | Noticed Urug
 19863 | Lair:4   | Killed Urug
 20023 | Lair:4   | Found a hole to the Spider Nest.
 20128 | Spider:1 | Entered Level 1 of the Spider Nest
 20413 | Lair:5   | Found a dark tunnel.
 20434 | Volcano  | Entered a volcano
 20529 | Volcano  | Reached skill level 5 in Axes
 21253 | Lair:6   | Entered Level 6 of the Lair of Beasts
 21438 | Lair:6   | Found a staircase to the Slime Pits.
 21464 | Lair:6   | Reached skill level 10 in Evocations
 21886 | Lair:6   | Reached XP level 15. HP: 72/121 MP: 0/0
 21886 | Lair:6   | Learned a level 6 spell: Iron Shot
 22356 | D:9      | Bought an ancient kite shield for 304 gold pieces
 22356 | D:9      | Identified the +0 kite shield of Restlessness {Drain Str+4}
                  | (You bought it in a shop on level 9 of the Dungeon)
 24008 | Orc:1    | Entered Level 1 of the Orcish Mines
 24379 | Orc:2    | Entered Level 2 of the Orcish Mines
 24419 | Orc:2    | Noticed an orc warlord
 24584 | Orc:2    | Killed an orc warlord
 24728 | Orc:2    | Reached **** piety under Ashenzari
 24837 | Orc:2    | Noticed an orc warlord
 24943 | Orc:1    | Noticed Sonja
 24946 | Orc:1    | Killed Sonja
 25149 | Orc:2    | Killed an orc warlord
 25370 | Orc:2    | Reached XP level 16. HP: 126/132 MP: 0/0
 25377 | Orc:2    | Found Erorch's General Store.
 25390 | Orc:2    | Found Riymad's Antique Weapon Boutique.
 25405 | Orc:2    | Found Jusic's Book Boutique.
 25497 | Orc:2    | Found a bloodstained altar of Trog.
 25546 | Orc:2    | Found a staircase to the Elven Halls.
 25744 | Orc:2    | Found Puonot's Antique Armour Boutique.
 26243 | D:13     | Found a gate to the Vaults.
 26252 | D:13     | Reached skill level 13 in Dodging
 26979 | D:14     | Found Dexieq's Armour Boutique.
 27218 | D:14     | Noticed Rupert
 27224 | D:14     | Killed Rupert
 27381 | D:14     | Found a bloodstained altar of Trog.
 27519 | D:15     | Entered Level 15 of the Dungeon
 27598 | D:15     | Found a flickering gateway to a bazaar.
 27603 | Bazaar   | Entered a bazaar
 27603 | Bazaar   | Found Soatzioq's General Store.
 27603 | Bazaar   | Found Qofouj's Assorted Antiques.
 27675 | Bazaar   | Found Feolis's Weapon Shoppe.
 27679 | Bazaar   | Bought a potion of haste for 100 gold pieces
 27689 | Bazaar   | Found Heurum's Jewellery Emporium.
 27712 | Bazaar   | Bought a glowing orb for 312 gold pieces
 27712 | Bazaar   | Bought a scroll of blinking for 195 gold pieces
 27718 | Bazaar   | Bought a ring of protection from cold for 250 gold pieces
 27843 | D:14     | Bought the +2 pair of gloves of Noiwah {rPois Regen+ Int+4
                  | Dex-2} for 388 gold pieces
 28106 | D:15     | Found a staircase to the Depths.
 28273 | D:15     | Found Giywah's Antique Weapon Shop.
 28274 | D:15     | Found Ybyrr's Distillery.
 28274 | D:15     | Found Mexzappy's Magic Scroll Shop.
 28277 | D:15     | Found Bepoacud's Distillery.
 28286 | D:15     | Bought a potion of heal wounds for 95 gold pieces
 28311 | D:15     | Found a runed translucent door.
 28335 | D:15     | Reached skill level 14 in Dodging
 28410 | D:15     | Noticed a tengu reaver
 28410 | D:15     | Found the +12 glaive of Prune {vorpal}
 28477 | D:15     | Killed a tengu reaver
 28478 | D:15     | Reached XP level 17. HP: 73/139 MP: 0/0
 28478 | D:15     | Learned a level 7 spell: Storm Form
 28576 | D:15     | Identified the cursed +0 cloak of the Unveiling Chagrin
                  | {Evo, Melee} (You found it on level 11 of the Dungeon)
 28576 | D:15     | Identified the cursed +0 helmet "Chained Omission" {Range,
                  | Self} (You found it on level 3 of the Dungeon)
 28576 | D:15     | Identified the cursed +2 robe "Burden of Ashenzari" {rF+,
                  | Self, Melee} (You took it off Psyche on level 11 of the
                  | Dungeon)
 28624 | Depths:1 | Entered Level 1 of the Depths
 28624 | Depths:1 | Identified the +1 robe of Gallantry {Rampage}
 28921 | Spider:1 | Reached skill level 10 in Axes
 29034 | Spider:1 | Reached ***** piety under Ashenzari
 29174 | Spider:1 | Noticed an acid blob
 29183 | Spider:1 | Identified the +4 morningstar "Equtt" {drain, *Slow rC+
                  | Will- Dex+7}
 29230 | Spider:1 | Identified the +6 mace "Xareunn" {flame, rF+++ rC- rCorr
                  | Dex+3}
 29470 | Spider:1 | Identified the +0 pair of gloves of Buryuteax {Int+3}
 29470 | Spider:1 | Noticed Nikola
 29476 | Spider:1 | Killed Nikola
 29611 | Spider:1 | Killed an acid blob
 30153 | Spider:1 | HP: 3/148 [culicivora simulacrum (17)]
 30255 | Spider:2 | Reached skill level 1 in Armour
 30303 | Spider:1 | HP: 6/148 [ghost moth[a torpor snail] (15)]
 30303 | Spider:1 | Slain by an entropy weaver

Illustrated notes

Levels and vault maps discovered:
D:1:      dpeg_arrival_three_same_balls, layout_basic
D:2:      layout_basic, serial_shops, shop, basic_altar
D:3:      layout_loops_ring, hellmonk_ecumenical_altar_slurped_away,
          uniq_sigmund, uniq_terence
D:4:      cheibrodos_pilgrimage, layout_basic, minmay_temple_entry_hall,
          corexii_item_surrounded_by_moat
D:5:      layout_rooms, nrook_pool_corridor
D:6:      corexii_shantytown, layout_basic, uniq_duvessa
D:7:      layout_rooms, bh_walls_and_bars
D:8:      layout_gridville, okawaru_gym_becter
D:9:      layout_roguey [special_room_orc], serial_shops, nicolae_diamond_shop,
          evilmike_minifort
D:10:     layout_rooms, erik_lair_orcish_takeover, minmay_orc_entry_temple_small
D:11:     layout_long_grid, eino_jars, uniq_josephine, uniq_psyche,
          uniq_gastronok
D:12:     layout_roguey, minmay_microvault
D:13:     layout_rooms, grunt_vaults_entry_tiered, minivault_22,
          chequers_serial_rivers_small_a
D:14:     layout_rooms, serial_shops, nicolae_diamond_shop,
          minmay_misc_feat_doors, minivault_21, trog_three_pillars_becter,
          uniq_rupert
D:15:     hangedman_depths_entry_try_elsewhere_first, layout_long_grid,
          hex_tiny, serial_shops, bzr_entry_road, minmay_shop_grid_forest,
          minivault_13
Temple:   nicolae_temple_the_god_donut
Lair:1:   layout_chaotic_city, uniq_fannar
Lair:2:   layout_misc_corridors, minmay_swamp_entry_worms, serial_rivers,
          chequers_serial_rivers_small_b, chequers_serial_rivers_large_b,
          chequers_serial_rivers_large_a, chequers_serial_rivers_micro_c,
          lemuel_fruit_fields
Lair:3:   layout_gridlike, serial_bayou_pond_c, uniq_snorg
Lair:4:   layout_regular_city, nicolae_spider_entry_non_spiders, uniq_urug
Lair:5:   layout_roguey, nicolae_volcano_entry_two_sided
Lair:6:   minmay_lair_end_enchanted_forest, layout_misc_corridors,
          minmay_slime_entry_pillars
Spider:1: layout_chambers, nicolae_spider_acid_house, uniq_nikola
Spider:2: layout_spider_delve
Orc:1:    layout_diamond_mine, uniq_sonja
Orc:2:    grunt_orc_cross, layout_diamond_mine, lemuel_statue_altar,
          hangedman_feature_mirror
Depths:1: layout_cave_shapes, nicolae_hell_entry_hellmouth_sunbeams,
          abyss_entry, grunt_ministairs_2, kennysheep_potato

Skill      XL: |  1  2  3  4  5  6  7  8  9 10 11 12 13 14 15 16 17 |
---------------+----------------------------------------------------+-----
Spellcasting   | 4 5 6 7 8 9 10 11 12 13 | 13.7
Fighting       | 3 6 8 9 11 12 | 12.5
Dodging        | 4 7 9 11 12 14 | 14.8
Evocations     | 2 7 10 12 13 | 13.2
Axes           | 1 6 8 9 10 | 10.0
Armour         | 1 |  1.3
Stealth        | |  1.5

Action                   |  1- 3 |  4- 6 |  7- 9 | 10-12 | 13-15 | 16-18 || total
-------------------------+-------+-------+-------+-------+-------+-------++-------
Melee: Unarmed           |     1 |       |       |       |       |     2 ||     3
       Trident           |       |    58 |     4 |       |       |       ||    62
       Scimitar          |       |       |    59 |    17 |       |       ||    76
       War axe           |       |       |       |    50 |   333 |    76 ||   459
       Punch             |       |       |       |     1 |     3 |       ||     4
 Cast: Magic Dart        |    45 |    56 |    48 |    67 |    65 |       ||   281
       Foxfire           |     4 |       |       |     4 |     3 |       ||    11
       Searing Ray       |     3 |    26 |    39 |    51 |    17 |       ||   136
       Iskenderun's Myst |       |       |    17 |    76 |   117 |    36 ||   246
       Fulminant Prism   |       |       |     3 |    16 |    19 |       ||    38
       Summon Ice Beast  |       |       |     3 |     9 |    10 |       ||    22
       Conjure Flame     |       |       |     1 |       |       |       ||     1
       Blink             |       |       |       |     1 |     1 |       ||     2
       Metabolic Englaci |       |       |       |     3 |       |       ||     3
       Dazzling Flash    |       |       |       |       |     2 |       ||     2
       Agony             |       |       |       |       |     1 |       ||     1
       Iron Shot         |       |       |       |       |   149 |   216 ||   365
       Storm Form        |       |       |       |       |       |     1 ||     1
Invok: Curse Item        |       |       |     1 |     1 |     4 |     2 ||     8
Evoke: Wand              |       |       |       |     1 |     2 |     2 ||     5
       Condenser vane    |       |       |       |       |     2 |     1 ||     3
  Use: Scroll            |       |     4 |     7 |     4 |       |     1 ||    16
       Potion            |       |     3 |       |     5 |     3 |     6 ||    17
 Stab: Sleeping          |       |     4 |     7 |     2 |     7 |     2 ||    22
       Distracted        |       |     1 |       |     1 |       |       ||     2
       Invisible         |       |       |       |       |     1 |       ||     1
Armor: Robe              |     5 |    19 |    13 |    31 |    74 |    22 ||   164
       Skin              |       |       |       |       |       |     2 ||     2
Dodge: Dodged            |     7 |    52 |    69 |   174 |   492 |   126 ||   920
Block: Other             |       |       |       |     9 |       |       ||     9

Table legend: (Time is in decaauts)
 A = Elapsed time spent in this place.
 B = Non-inter-level travel time spent in this place.
 C = Inter-level travel time spent in this place.
 D = Time resting spent in this place.
 E = Time spent auto-exploring this place.
 F = Levels seen in this place.
 G = Mean time per level.
                   A        B        C        D        E       F      G
               +--------+--------+--------+--------+--------+-----+--------+
         Total |  30428 |  28467 |   1961 |     15 |  22852 |  29 | 1049.2 |
       Dungeon |  19955 |  18847 |   1108 |     15 |  15737 |  15 | 1330.3 |
        Temple |    507 |    480 |     27 |      0 |    460 |   1 |  507.0 |
          Lair |   6216 |   5585 |    631 |      0 |   4211 |   6 | 1036.0 |
   Spider Nest |   1433 |   1336 |     97 |      0 |    943 |   2 |  716.5 |
  Orcish Mines |   1718 |   1620 |     98 |      0 |   1191 |   2 |  859.0 |
        Depths |     30 |     30 |      0 |      0 |     14 |   1 |   30.0 |
        Bazaar |    152 |    152 |      0 |      0 |     96 |   1 |  152.0 |
       Volcano |    413 |    413 |      0 |      0 |    200 |   1 |  413.0 |
               +--------+--------+--------+--------+--------+-----+--------+

Top non-repeatable levels by time:
     D:9: 2527 daAuts
     D:6: 2429 daAuts
     D:3: 1803 daAuts
    D:10: 1496 daAuts
Spider:1: 1417 daAuts
  Lair:6: 1362 daAuts
     D:1: 1287 daAuts
     D:4: 1266 daAuts
    D:11: 1208 daAuts
     D:7: 1197 daAuts
  Lair:4: 1160 daAuts
     D:2: 1123 daAuts
     D:5: 1115 daAuts
  Lair:3: 1045 daAuts
   Orc:2: 1026 daAuts
